Map: [ESL] Crimson Court

Players

MarsBar

  • Race: Zerg Zerg
  • Spawn Location: 1:00

GuMiho - Winner!

  • Race: Terran Terran
  • Spawn Location: 7:00

Event: ESL Spring 2024 Finals

VOD

Have the link to the VOD?

Description

Time

  • Played on: May 31, 2024, 11:37 a.m.
  • Length: 4:06

All games in this series

Show
View Real Time Build Order
Export as new Build Order

MarsBar Zerg 

Build Orders: Pool First, Zergling Baneling 

Get SALT Encoding   

  12  0:00  Drone  
  13  0:12  Overlord  
  13  0:18  Drone  
  14  0:31  Drone x2  
  16  0:37  Drone  
  16  0:39  Extractor  
  16  0:47  Spawning Pool  
  16  0:49  Drone  
  16  0:56  Drone  
  17  1:16  Hatchery  
  16  1:20  Drone  
  17  1:34  Zergling x4  
  21  1:41  Metabolic Boost  
  21  1:44  Zergling x2  
  20  1:50  Queen  
  22  2:07  Overlord  
  22  2:10  Baneling Nest  
  21  2:17  Overlord  
  21  2:19  Zergling x2  
  22  2:27  Zergling x2  
  23  2:36  Zergling x4  
  25  2:43  Zergling x4  
  27  2:50  Zergling x2  
  28  2:54  Baneling x5  
  28  2:56  Baneling  
  28  3:02  Zergling x4  
  28  3:03  Zergling x2  
  31  3:11  Zergling x4  
  33  3:18  Baneling  
  33  3:19  Baneling  
  27  3:32  Zergling x4  
  27  3:33  Zergling x4  
  28  3:40  Baneling x2  
Show
View Real Time Build Order
Export as new Build Order

GuMiho Terran - Winner!

Build Orders:  

Get SALT Encoding   

  12  0:00  SCV  
  13  0:12  SCV  
  14  0:17  Supply Depot  
  14  0:24  SCV  
  15  0:38  SCV  
  15  0:40  Barracks  
  16  0:43  Refinery  
  16  0:50  SCV  
  17  1:03  SCV  
  18  1:15  SCV  
  19  1:26  Barracks Reactor  
  19  1:27  Orbital Command  
  19  1:38  Command Center  
  19  1:44  Supply Depot  
  19  1:52  SCV  
  20  2:03  Marine x2  
  20  2:04  SCV  
  23  2:09  Factory  
  23  2:17  SCV  
  23  2:20  Marine  
  23  2:21  Marine  
  26  2:29  SCV  
  27  2:38  Marine x2  
  27  2:41  SCV  
  30  2:50  Orbital Command  
  30  2:53  SCV, Starport  
  31  3:00  Hellion x2  
  31  3:04  Marine  
  31  3:05  SCV  
  36  3:09  Bunker  
  36  3:11  Supply Depot  
  36  3:13  Orbital Command  
  36  3:22  Hellion x2  
  40  3:32  Supply Depot  
  40  3:33  Supply Depot  
  40  3:44  Refinery  
  40  3:45  Armory  
  40  3:54  SCV x2  
Tags
 
Add a new tag
Caveats
  • Supply blocks, unpowered buildings, or Contaminate may cause inaccurate times.
  • Supply counts are checked every 10 seconds.